 Dungeon Crawl Stone Soup version 0.31.0-11-ge490571c62 (webtiles) character file.

Game seed: 12332294684154549039

554 qw the Skirmisher (level 7, -1/40 HPs)
             Began as a Deep Elf Hunter on Feb 4, 2024.
             Constricted to death by Ijyb (4 damage)
             ... on level 4 of the Dungeon.
             The game lasted 00:00:15 (2456 turns).

qw the Skirmisher (Deep Elf Hunter)                 Turns: 2456, Time: 00:00:15

Health: -1/40      AC:  6    Str: 10    XL:     7   Next: 8%
Magic:  9/9        EV: 13    Int: 14    God:
Gold:   126        SH:  0    Dex: 18    Spells: 6/6 levels left

rFire   . . .        a - +0 shortbow
rCold   . . .        (shield currently unavailable)
rNeg    . . .        g - +0 ring mail
rPois   +            (no helmet)
rElec   .            e - scarf {repulsion}
rCorr   .            k - +0 pair of gloves
SInv    .            (no boots)
Will    .....        (no amulet)
Stlth   +            h - ring of poison resistance
HPRegen 0.26/turn    j - +5 ring of evasion
MPRegen 0.11/turn

%: repel missiles
@: grasped by roots, constricted
A: no striking features
a: no special abilities


You were on level 4 of the Dungeon.
You visited 1 branch of the dungeon, and saw 4 of its levels.

You collected 126 gold pieces.


   Skills:
 - Level 2.2 Fighting
 + Level 10.5 Ranged Weapons
 - Level 1.0 Armour
 - Level 3.0 Dodging
 - Level 1.2 Stealth


You had 6 spell levels left.
You didn't know any spells.
Your spell library was empty.

Inventory:

Hand Weapons
 a - a +0 shortbow (weapon)
Armour
 b - the +2 robe of the Slorg {Harm SInv Stlth+}
   (You found it on level 2 of the Dungeon)

   SInv:      It lets you see invisible.
   Harm:      It increases damage dealt and taken.
   Stlth+:    It makes you more stealthy.
 e - a scarf of repulsion (worn)
 g - a +0 ring mail (worn)
 k - a +0 pair of gloves (worn)
Jewellery
 h - a ring of poison resistance (left hand)
 j - a +5 ring of evasion (right hand)
Scrolls
 c - a scroll of teleportation {unknown}
 i - 2 scrolls of identify
Potions
 d - a potion of ambrosia {unknown}
 f - a potion of curing
 l - a potion of attraction {unknown}

Dungeon Overview and Level Annotations

Branches:
Dungeon (4/15)
 Temple: D:4-7

Altars:
Xom
The Shining One

Annotations:
D:4 Ijyb


Message History

Ijyb is lightly wounded.
Ijyb hits you but does no damage. The grasping roots constrict you.
The grasping roots release their grip on you.
You shoot an arrow. The arrow hits Ijyb.
Ijyb is lightly wounded.
Ijyb closely misses you.
You shoot an arrow. The arrow hits Ijyb.
Ijyb is moderately wounded.
Ijyb hits you with a +0 dagger.
You shoot an arrow. The arrow barely misses Ijyb.
Ijyb misses you.
You shoot an arrow. The arrow hits Ijyb but does no damage.
Ijyb is moderately wounded.
Ijyb zaps a wand.
The roots erupt in riotous growth!
The grasping roots grab you!
Ijyb is unaffected.
The grasping roots constrict you.
You shoot an arrow. The arrow hits Ijyb but does no damage.
Ijyb is moderately wounded.
Ijyb hits you with a +0 dagger. The grasping roots constrict you.
You shoot an arrow. The arrow hits Ijyb.
Ijyb is moderately wounded.
Ijyb closely misses you. The grasping roots constrict you!
You shoot an arrow. The arrow hits Ijyb but does no damage.
Ijyb is moderately wounded.
Ijyb barely misses you. The grasping roots constrict you.
The grasping roots release their grip on you.
You shoot an arrow. The arrow closely misses Ijyb.
Ijyb closely misses you.
You shoot an arrow. The arrow hits Ijyb.
Ijyb is severely wounded.
Ijyb barely misses you.
You shoot an arrow. The arrow hits Ijyb but does no damage.
Ijyb is severely wounded.
Ijyb zaps a wand.
The roots erupt in riotous growth!
The grasping roots grab you!
Ijyb is unaffected.
The grasping roots constrict you.
You shoot an arrow. The arrow hits Ijyb but does no damage.
Ijyb is severely wounded.
Ijyb barely misses you. The grasping roots constrict you.
You die...

..###.#####.#.. ..<#
........# #.#.####.#.#
#####.#.# #.#.##.....#
...#..#.###........#.#.#
##...........%......%...
##.#.##.#####.##.###.#.#
#....#.....#.##.# .
####.....#.#.##'###....
#.###.#.#.#.@g...... #.#
#.#.#.#......... #####.#
#.#.#.#......... ......#
#.#...#......... #######
#.#####......... ## #.#
#......... .# #.#
#####+#'## .# .# .#


You could see Ijyb.

Vanquished Creatures
  Sigmund (D:2)
  A bombardier beetle (D:4)
  2 orc priests (D:4)
  Natasha (thrice) (D:2)
  Terence (D:2)
  An iguana (D:4)
  3 gnolls (D:2)
  4 adders
  2 dart slugs
  A ribbon worm (D:3)
  10 orcs
  3 bats
  8 endoplasms
  2 giant cockroaches (D:1)
  17 goblins
  9 hobgoblins
  6 jackals
  4 quokkas
  13 ball pythons
  5 frilled lizards
  10 kobolds
  5 rats
  A butterfly (D:4)
112 creatures vanquished.

Notes
Turn   | Place    | Note
-------+----------+-------------------------------------------
     0 | D:1      | qw the Deep Elf Hunter began the quest for the Orb.
     0 | D:1      | Reached XP level 1. HP: 12/12 MP: 3/3
     0 | D:1      | 0 ||| qw: Version: 0.3-a-160-g6735b56
     0 | D:1      | 0 ||| qw: Game counter: 5147
     0 | D:1      | 0 ||| qw: Melee chars always use a shield: true
     0 | D:1      | 0 ||| qw: God list: Okawaru
     0 | D:1      | 0 ||| qw: Allow faded altars: false
     0 | D:1      | 0 ||| qw: Do Orc after clearing Dungeon:15 true
     0 | D:1      | 0 ||| qw: Do second Lair branch before Depths: true
     0 | D:1      | 0 ||| qw: Lair rune preference: random
     0 | D:1      | 0 ||| qw: Goals: Normal
     0 | D:1      | 0 ||| PLANNING D:1-11
   141 | D:1      | Reached XP level 2. HP: 16/16 MP: 4/4
   143 | D:1      | Reached skill level 6 in Ranged Weapons
   354 | D:1      | 354 ||| RETREEEEATING.
   362 | D:1      | Reached XP level 3. HP: 18/20 MP: 5/5
   466 | D:1      | 466 ||| UPGRADING to scarf of repulsion.
   471 | D:1      | 471 ||| UPGRADING to +0 ring mail.
   481 | D:1      | 481 ||| DROPPING +0 leather armour.
   482 | D:1      | 482 ||| UPGRADING to ring of poison resistance.
   483 | D:1      | 483 ||| UPGRADING to +5 ring of evasion.
   484 | D:1      | 484 ||| READING scroll labelled XEIKKU TINOY.
   484 | D:1      | 484 ||| IDENTIFYING viscous green potion
   485 | D:1      | 485 ||| READING scroll labelled QYELOZI HURCH.
   522 | D:1      | 522 ||| READING scroll labelled GATOM BOERO.
   523 | D:1      | 523 ||| DROPPING scroll of butterflies.
   529 | D:2      | Reached skill level 7 in Ranged Weapons
   646 | D:2      | Identified the +2 robe of the Slorg {Harm SInv Stlth+}
   665 | D:2      | Reached XP level 4. HP: 25/25 MP: 6/6
   851 | D:2      | Reached skill level 8 in Ranged Weapons
   965 | D:2      | Noticed Natasha
   967 | D:2      | 967 ||| DRINKING potion of haste.
   971 | D:2      | Killed Natasha
  1062 | D:2      | Noticed Sigmund
  1072 | D:2      | Killed Sigmund
  1073 | D:2      | Reached skill level 9 in Ranged Weapons
  1073 | D:2      | Reached XP level 5. HP: 10/29 MP: 7/7
  1073 | D:2      | Reached XP level 6. HP: 12/34 MP: 8/8
  1196 | D:2      | Noticed Terence
  1203 | D:2      | Killed Terence
  1313 | D:2      | Noticed Natasha
  1320 | D:2      | Killed Natasha
  1433 | D:2      | Noticed Natasha
  1439 | D:2      | Killed Natasha
  1470 | D:2      | 1470 ||| READING scroll labelled IMISUA NOOH.
  1471 | D:2      | 1471 ||| DRINKING 2 lumpy white potions.
  1733 | D:3      | Identified the +2 spear of the Crushed Spines {drain,
                  | Dex+5}
  1808 | D:3      | Reached skill level 10 in Ranged Weapons
  1849 | D:3      | Found a glowing golden altar of the Shining One.
  1887 | D:3      | 1887 ||| UPGRADING to +0 pair of gloves.
  1892 | D:3      | 1892 ||| READING scroll labelled YMES CENIECLO.
  1893 | D:3      | 1893 ||| DRINKING 2 fizzy coppery potions.
  1894 | D:3      | 1894 ||| DROPPING potion of brilliance.
  2013 | D:4      | Reached skill level 3 in Dodging
  2031 | D:4      | Reached skill level 1 in Armour
  2224 | D:4      | Found a shimmering altar of Xom.
  2389 | D:4      | Reached XP level 7. HP: 34/40 MP: 9/9
  2434 | D:4      | Noticed Ijyb
  2451 | D:4      | HP: 4/40 [constriction (7)]
  2456 | D:4      | Constricted to death by Ijyb

Levels and vault maps discovered:
D:1:      minmay_arrival_pointy, layout_rooms, minmay_pentomino_w2
D:2:      minmay_inner_zag, layout_loops_ring, uniq_sigmund, uniq_natasha,
          uniq_terence
D:3:      layout_rooms, nicolae_tso_swordbearing_angel,
          corexii_leaking_fountain, grunt_decor_junction, grunt_ministairs_13
D:4:      layout_basic, xom_butterflies, uniq_ijyb

Skill      XL: |  1  2  3  4  5  6 |
---------------+-------------------+-----
Ranged Weapons | 6 7 9 10 | 10.5
Fighting       | 2 |  2.2
Dodging        | 3 |  3.0
Armour         | 1 |  1.0
Stealth        | |  1.2

Action                     |  1- 3 |  4- 6 |  7- 9 || total
---------------------------+-------+-------+-------++-------
   Fire: Shortbow          |   107 |   232 |    29 ||   368
    Use: Scroll            |     3 |     2 |       ||     5
         Potion            |       |     3 |       ||     3
 Armour: Leather armour    |    13 |       |       ||    13
         Ring mail         |     1 |    52 |     9 ||    62
  Dodge: Dodged            |    30 |    84 |    11 ||   125
         Repelled          |     1 |     1 |       ||     2

Table legend:
 A = Non-vault XP
 B = Vault XP
 C = Vault XP percentage of total XP
 D = Non-vault monster count
 E = Vault monster count
 F = Vault count percentage of total count
                 A         B        C        D         E       F
            +---------+---------+-------+---------+---------+-------
      Total |     489 |     303 |  38.3 |      98 |      13 |  11.7
            +---------+---------+-------+---------+---------+-------
        D:1 |      59 |       3 |   4.8 |      36 |       2 |   5.3
        D:2 |     158 |     298 |  65.4 |      25 |      10 |  28.6
        D:3 |      26 |       2 |   7.1 |      12 |       1 |   7.7
        D:4 |     246 |       0 |   0.0 |      25 |       0 |   0.0
            +---------+---------+-------+---------+---------+-------
